Map: 애씨드 플랜트 - 래더

Players

MMA - Winner!

  • Race: Terran Terran
  • Spawn Location: 5:00

soO

  • Race: Zerg Zerg
  • League: Master
  • Spawn Location: 11:00

Event: HomeStory Cup XVII

VOD

Have the link to the VOD?

Description

Time

  • Played on: June 29, 2018, 6:36 a.m.
  • Length: 11:56

All games in this series

Show
View Real Time Build Order
Export as new Build Order

MMA Terran - Winner!

Build Orders: Gas First Reaper Expand, Reaper Expand, Mech 

Get SALT Encoding   

  12  0:00  SCV  
  13  0:13  SCV  
  14  0:17  Supply Depot  
  14  0:25  SCV  
  15  0:28  Refinery  
  15  0:39  SCV  
  16  0:44  Barracks  
  16  0:51  SCV  
  17  1:03  SCV  
  18  1:15  SCV  
  19  1:31  Orbital Command, Reaper  
  20  1:42  Command Center  
  20  1:53  Factory  
  20  1:57  SCV  
  21  2:01  Refinery  
  21  2:06  Barracks Reactor  
  21  2:09  SCV  
  21  2:13  Supply Depot  
  22  2:21  SCV  
  23  2:35  SCV  
  24  2:39  Starport  
  24  2:42  Marine  
  24  2:43  Widow Mine, Marine  
  28  2:47  SCV  
  29  2:54  Orbital Command  
  29  2:59  SCV  
  29  3:01  Marine x2  
  32  3:06  Factory Tech Lab  
  32  3:11  SCV  
  33  3:17  Medivac  
  33  3:19  Marine x2  
  37  3:23  SCV  
  37  3:24  SCV  
  39  3:28  Siege Tank  
  42  3:34  Supply Depot  
  42  3:43  SCV x2  
  42  3:44  Marine  
  42  3:45  Marine  
  45  3:55  SCV x2, Medivac  
  46  3:58  Supply Depot  
  49  4:07  Siege Tank  
  49  4:08  Marine x2  
  54  4:15  SCV  
  54  4:20  SCV  
  54  4:21  Supply Depot  
  54  4:24  Command Center  
  55  4:27  SCV  
  55  4:30  Marine x2  
  58  4:32  SCV, Medivac  
  61  4:40  SCV  
  61  4:44  SCV  
  63  4:52  Supply Depot  
  63  4:57  SCV x2  
  63  4:58  Supply Depot  
  63  5:00  Refinery  
  63  5:01  Refinery  
  63  5:05  Hellion x2  
  67  5:09  SCV  
  67  5:10  SCV  
  69  5:16  Armory  
  69  5:17  Armory  
  69  5:25  SCV x2  
  69  5:26  Hellion  
  69  5:27  Hellion  
  75  5:37  Orbital Command, SCV x2  
  75  5:40  Barracks Tech Lab  
  75  5:41  Factory  
  77  5:46  Factory  
  77  5:51  Hellion x2  
  77  5:54  SCV x2  
  82  6:06  SCV x2  
  82  6:10  Orbital Command  
  84  6:12  Hellion x2  
  84  6:15  Terran Vehicle And Ship Armor Level 1, Terran Vehicle Weapons Level 1  
  84  6:16  Supply Depot  
  84  6:17  Supply Depot  
  83  6:18  SCV x2  
  83  6:24  Starport Reactor  
  78  6:27  Supply Depot  
  78  6:30  SCV x2  
  71  6:38  Hellion  
  71  6:39  Hellion  
  73  6:42  SCV  
  73  6:43  SCV  
  73  6:44  Liberator  
  73  6:46  Thor x2  
  75  6:53  SCV  
  82  6:54  SCV  
  82  6:55  Refinery, SCV  
  82  7:00  Refinery, Medivac  
  89  7:05  SCV  
  89  7:07  SCV x2  
  90  7:09  Hellion x2  
  90  7:17  SCV  
  90  7:19  SCV x2  
  87  7:29  SCV  
  87  7:31  SCV x2  
  87  7:33  Siege Tank  
  87  7:34  Hellion x2  
  99  7:41  SCV, Factory  
  99  7:43  SCV x2  
  102  7:44  Factory, Hellion x4  
  102  7:45  Supply Depot, Hellion  
  102  7:46  Supply Depot x2  
  102  7:53  SCV  
  102  7:54  Siege Tank  
  102  7:55  SCV x2  
  102  7:56  Hellion x2  
  109  7:58  Viking x2  
  109  8:05  SCV  
  114  8:08  Siege Tank  
  114  8:09  Supply Depot  
  114  8:12  Terran Vehicle Weapons Level 2  
  117  8:15  Terran Vehicle And Ship Armor Level 2  
  117  8:20  Hellion, Command Center  
  117  8:21  SCV, Hellion  
  117  8:22  SCV x2  
  124  8:27  Factory Reactor  
  124  8:37  Factory Tech Lab  
  124  8:38  SCV x2  
  124  8:40  Siege Tank, Infernal Pre-Igniter  
  124  8:41  Supply Depot  
  129  8:42  Supply Depot, Hellion x2  
  129  8:43  SCV  
  129  8:44  Supply Depot  
  129  8:47  Siege Tank  
  137  8:53  Supply Depot  
  137  8:57  Siege Tank  
  140  9:03  Hellion x2  
  140  9:05  SCV x2  
  140  9:06  SCV  
  140  9:08  Hellion x2  
  151  9:22  Hellion x2  
  155  9:25  Hellion x2  
  155  9:29  Hellion x2  
  155  9:30  Hellion  
  165  9:31  Viking  
  165  9:32  Viking  
  169  9:39  Engineering Bay  
  169  9:40  Refinery x2  
  169  9:45  Hellion  
  169  9:46  Hellion x2  
  169  9:50  Hellion  
  169  9:51  Hellion x2  
  173  9:57  Smart Servos, Siege Tank  
  176  10:00  Supply Depot  
  176  10:03  Hellion x7  
  176  10:04  Hellion x5  
  176  10:06  Siege Tank  
  177  10:15  Sensor Tower  
  177  10:16  Planetary Fortress  
  168  10:22  Siege Tank  
  168  10:23  Hellion x3  
  168  10:26  Hellion  
  168  10:28  Viking  
  181  10:29  Siege Tank  
  172  10:38  Hellion  
  164  10:44  Hellion  
  164  10:45  Hellion x2  
  170  10:54  Siege Tank  
  170  10:56  Hellion  
  172  10:59  Hellion  
  172  11:01  Siege Tank  
  177  11:06  Hellion  
  175  11:11  Viking x2  
  179  11:20  Hellion x2  
  179  11:21  Siege Tank  
  186  11:28  Hellion x2  
  181  11:33  Hellion  
  181  11:34  Hellion  
  150  11:55  Starport  
Show
View Real Time Build Order
Export as new Build Order

soO Zerg 

Build Orders: Hatch First, Roach Hydra 

Get SALT Encoding   

  12  0:00  Drone  
  13  0:12  Overlord  
  13  0:17  Drone  
  14  0:31  Drone x2  
  14  0:34  Drone  
  17  0:51  Hatchery  
  17  0:54  Drone  
  17  0:57  Drone  
  18  1:08  Extractor  
  17  1:12  Spawning Pool  
  17  1:15  Drone  
  17  1:18  Drone  
  18  1:27  Drone  
  19  1:38  Overlord  
  19  1:58  Queen  
  19  1:59  Zergling x2  
  19  2:00  Zergling x2  
  23  2:03  Queen  
  23  2:04  Zergling x2  
  23  2:08  Metabolic Boost  
  26  2:12  Drone  
  26  2:14  Drone  
  28  2:22  Drone  
  29  2:25  Drone  
  30  2:34  Queen  
  30  2:36  Overlord  
  32  2:39  Drone  
  33  2:45  Pneumatized Carapace  
  33  2:50  Drone x2  
  35  2:54  Drone  
  36  3:01  Drone  
  36  3:05  Drone x2  
  39  3:07  Overlord, Drone  
  39  3:09  Drone  
  41  3:13  Drone x2  
  41  3:18  Drone  
  44  3:29  Hatchery  
  43  3:35  Drone x2  
  43  3:37  Overlord  
  43  3:39  Drone  
  46  3:43  Overlord  
  46  3:46  Overlord  
  46  3:47  Overlord  
  46  3:55  Queen  
  46  3:57  Queen  
  49  4:06  Drone x3  
  49  4:08  Zergling x2  
  49  4:09  Zergling x4  
  55  4:16  Drone x3  
  56  4:18  Zergling x2  
  56  4:23  Drone  
  58  4:25  Drone  
  58  4:26  Extractor  
  58  4:27  Drone  
  58  4:28  Drone  
  58  4:31  Spore Crawler, Zergling x4, Queen  
  62  4:40  Drone  
  62  4:42  Lair  
  62  4:43  Drone x2  
  64  4:57  Zergling x4  
  64  4:58  Spore Crawler  
  65  5:00  Drone x4  
  65  5:05  Drone x2  
  71  5:07  Drone  
  71  5:11  Drone  
  73  5:14  Drone  
  73  5:15  Drone x3, Evolution Chamber  
  73  5:17  Evolution Chamber  
  73  5:20  Drone  
  76  5:24  Drone x4  
  76  5:26  Drone  
  81  5:30  Overlord  
  81  5:32  Extractor  
  80  5:35  Extractor  
  80  5:37  Overlord  
  80  5:42  Zerg Ground Armor Level 1  
  79  5:43  Overseer, Zerg Melee Weapons Level 1  
  79  5:45  Zergling x2  
  79  5:46  Zergling x2  
  80  5:50  Hatchery  
  80  5:55  Zergling x14  
  86  6:00  Zergling x6  
  85  6:12  Zergling x2  
  85  6:13  Zergling x8  
  85  6:15  Zergling x4  
  85  6:16  Zergling x4  
  88  6:20  Zergling x4  
  84  6:26  Drone  
  84  6:27  Drone  
  84  6:29  Zergling x4  
  84  6:30  Zergling x2  
  78  6:43  Drone x4  
  81  6:48  Extractor x2  
  81  6:49  Hydralisk Den, Drone  
  79  6:55  Drone x2  
  79  6:58  Drone  
  82  7:02  Roach Warren  
  82  7:04  Extractor  
  71  7:21  Drone x8  
  73  7:25  Drone x2  
  73  7:26  Drone x2  
  73  7:28  Drone x3  
  73  7:29  Drone x2  
  80  7:30  Grooved Spines  
  80  7:33  Hydralisk  
  80  7:36  Hydralisk x4  
  90  7:39  Hydralisk x2  
  90  7:44  Glial Reconstitution  
  94  7:45  Roach  
  102  7:51  Roach x3  
  102  7:55  Queen  
  102  7:57  Overlord  
  102  7:58  Overlord  
  102  7:59  Overlord  
  102  8:02  Drone  
  102  8:05  Zerg Missile Weapons Level 1, Zerg Ground Armor Level 2, Infestation Pit  
  103  8:09  Roach  
  103  8:12  Overlord  
  104  8:16  Overlord  
  104  8:17  Extractor  
  104  8:19  Extractor  
  106  8:20  Roach x5  
  106  8:23  Roach x3  
  116  8:31  Drone x2  
  106  8:37  Hydralisk x7  
  112  8:49  Drone x2  
  112  8:50  Drone x2  
  112  8:55  Drone x8  
  124  8:59  Hive  
  124  9:01  Drone  
  124  9:02  Drone x2  
  127  9:08  Muscular Augments  
  127  9:12  Hydralisk x2, Drone x2  
  133  9:17  Roach x2  
  133  9:18  Roach  
  133  9:19  Ravager x3  
  133  9:22  Roach  
  144  9:29  Overlord x4  
  144  9:37  Spire  
  143  9:40  Overlord  
  143  9:43  Overseer  
  143  9:52  Roach x10  
  147  9:58  Roach x2  
  147  9:59  Roach x2  
  155  10:04  Ravager x4  
  158  10:08  Roach x5  
  168  10:20  Overlord  
  166  10:25  Overlord  
  166  10:27  Overlord x2  
  165  10:33  Overlord  
  152  10:39  Viper x2  
  152  10:40  Viper  
  151  10:46  Roach x10  
  151  10:49  Drone x2  
  170  10:54  Roach x4  
  170  10:55  Roach  
  178  10:57  Roach  
  178  10:58  Roach x2  
  178  11:01  Roach x2  
  185  11:16  Roach x6  
  193  11:24  Hydralisk x3  
Tags
 
Add a new tag
Caveats
  • Supply blocks, unpowered buildings, or Contaminate may cause inaccurate times.
  • Supply counts are checked every 10 seconds.